 Dungeon Crawl Stone Soup version 0.30-a0-305-g026cb31310 (webtiles) character file.

Game seed: 7126449602665107679

579193 pokeman the Archmage (level 25, -21/141 HPs)
             Began as a Deep Elf Hedge Wizard on Oct 22, 2022.
             Was the Champion of Vehumet.
             Killed themself with a badly aimed great blast of fire (108 damage)
             ... on level 3 of the Depths.
             The game lasted 03:24:52 (63974 turns).

pokeman the Archmage (Deep Elf Hedge Wizard)       Turns: 63974, Time: 03:24:54

Health: -21/141    AC: 24    Str: 16    XL:     25   Next: 32%
Magic:  56/56      EV: 20    Int: 40    God:    Vehumet [******]
Gold:   4571       SH:  9    Dex: 18    Spells: 25/78 levels left

rFire   . . .      SeeInvis .    O - staff of conjuration
rCold   + . .      Faith    .    m - +3 warlock's mirror {reflect}
rNeg    . . .      Spirit   .    e - +0 ice dragon scales
rPois   +          Reflect  +    Y - +1 helmet
rElec   +          Harm     .    t - +0 cloak
rCorr   .          Rampage  .    L - +2 pair of gloves {Str+3}
Will    +++..                    N - +0 pair of boots
Stlth   +.........               P - amulet of the Air {Inacc Air Fly rElec RMsl}
HPRegen 0.43/turn                c - ring of Cabbust {Fire *Slow rPois Will+ Int+4}
MPRegen 0.35/turn                f - ring "Aruc" {Wiz Str+6 Int+4 Dex+4}

@: flying, studying 6 skills, repel missiles
A: no striking features
}: 4/15 runes: serpentine, barnacled, slimy, silver
a: Renounce Religion


You were on level 3 of the Depths.
You worshipped Vehumet.
Vehumet was exalted by your worship.
You visited 10 branches of the dungeon, and saw 48 of its levels.
You also visited: Sewer, Bailey and Ice Cave.

You collected 6745 gold pieces.
You spent 2174 gold pieces at shops.

Inventory:

Armour
 e - +0 ice dragon scales (worn)
 m - the +3 warlock's mirror (worn) {reflect}
   (You found it on level 5 of the Pits of Slime)

   It can block and reflect piercing ranged attacks and magical attacks against
   the wielder's willpower.
 t - a +0 cloak (worn)
 H - +0 storm dragon scales
 J - a +1 ring mail of poison resistance
 L - a +2 pair of gloves of strength (worn)
 N - a +0 pair of boots (worn)
 Y - a +1 helmet (worn)
Magical Staves
 O - a staff of conjuration (weapon)
Jewellery
 c - the ring of Cabbust (left hand) {Fire *Slow rPois Will+ Int+4}
   (You bought it in a shop on level 1 of the Depths)

   [ring of fire]

   It enhances your fire magic.
   Int:       It affects your intelligence (+4).
   rF:        It protects you from fire.
   rC:        It makes you vulnerable to cold.
   rPois:     It protects you from poison.
   *Slow:     It may slow you when you take damage.
   Will:      It increases your willpower.
 f - the ring "Aruc" (right hand) {Wiz Str+6 Int+4 Dex+4}
   (You acquired it on level 9 of the Dungeon)

   [ring of wizardry]

   It improves your spell success rate.
   Str:       It affects your strength (+6).
   Int:       It affects your intelligence (+4).
   Dex:       It affects your dexterity (+4).
 i - a ring of protection from fire
 l - the ring of Icufitu {rF+ rC+ Str-4 Int+8 Dex+4}
   (You found it on level 5 of the Pits of Slime)

   [ring of protection from fire]

   Str:       It affects your strength (-4).
   Int:       It affects your intelligence (+8).
   Dex:       It affects your dexterity (+4).
   rF:        It protects you from fire.
   rC:        It protects you from cold.
 o - the ring "Icvokhac" {rF+ rC+ Str+6}
   (You found it on level 3 of the Elven Halls)

   [ring of strength]

   Str:       It affects your strength (+6).
   rF:        It protects you from fire.
   rC:        It protects you from cold.
 u - a ring of resist corrosion
 E - the ring "Hiloyv" {rPois rF+ Will+ SInv}
   (You found it on level 5 of the Pits of Slime)

   [ring of see invisible]

   rF:        It protects you from fire.
   rPois:     It protects you from poison.
   SInv:      It lets you see invisible.
   Will:      It increases your willpower.
 K - an amulet of magic regeneration
 P - the amulet of the Air (around neck) {Inacc Air Fly rElec RMsl}
   (You took it off a deep elf pyromancer on level 3 of the Elven Halls)

   [amulet of nothing]

   It reduces the accuracy of all your attacks.
   It enhances your air magic.
   rElec:     It insulates you from electricity.
   Fly:       It grants you flight.
   RMsl:      It protects you from missiles.
Wands
 b - a wand of flame (23)
 q - a wand of digging (6)
 C - a wand of polymorph (3)
Scrolls
 a - 2 scrolls of enchant weapon
 h - 20 scrolls of teleportation
 v - 9 scrolls of magic mapping
 w - 7 scrolls of blinking
Potions
 d - 14 potions of magic
 g - 3 potions of might
 k - 2 potions of berserk rage
 n - a potion of cancellation
 x - 13 potions of heal wounds
 z - 13 potions of haste
 A - 6 potions of invisibility
 B - 29 potions of curing
 F - a potion of ambrosia
 G - a potion of mutation
Miscellaneous
 j - a phantom mirror
 p - a tin of tremorstones (2/2)
 r - a phantom mirror
 s - a piece from Xom's chessboard (15/15)
 y - a phantom mirror
 D - a phantom mirror
 M - a condenser vane
 T - a phial of floods
 X - a lightning rod (4/4)


   Skills:
 - Level 10.0 Fighting
 + Level 14.2 Armour
 + Level 20.8 Dodging
 - Level 3.0 Stealth
 - Level 5.0 Shields
 O Level 27 Spellcasting
 O Level 27 Conjurations
 - Level 12.1 Summonings
 + Level 11.2 Necromancy
 - Level 1.1 Translocations
 - Level 1.0 Transmutations
 + Level 21.3 Fire Magic
 - Level 2.3 Ice Magic
 - Level 1.2 Air Magic
 - Level 1.0 Earth Magic
 - Level 1.2 Poison Magic
 - Level 1.1 Evocations


You had 25 spell levels left.
You knew the following spells:

 Your Spells              Type           Power      Damage    Failure   Level
a - Magic Dart            Conj           100%       1d8       0%          1
b - Mephitic Cloud        Conj/Pois/Air  100%       N/A       1%          3
c - Call Imp              Summ           100%       N/A       0%          2
d - Blink                 Tloc           100%       N/A       1%          2
e - Flame Wave            Conj/Fire      100%       2d21      0%          4
f - Fireball              Conj/Fire      90%        3d33      0%          5
g - Fire Storm            Conj/Fire      90%        8d23      1%          9
h - Orb of Destruction    Conj           79%        9d18      0%          7
i - Haunt                 Necr/Summ      49%        N/A       3%          7
j - Lehudib's Crystal Sp  Conj/Erth      64%        10d15     3%          8
k - Freezing Cloud        Conj/Ice/Air   70%        6-21      1%          5

Your spell library contained the following spells:

 Spells                   Type           Power      Damage    Failure   Level
 Ignition                 Fire           73%        3d19      1%          8
 Shatter                  Erth           29%        3d24*     100%        9
 Foxfire                  Conj/Fire      100%       2x1d9     0%          1
 Shock                    Conj/Air       100%       1d9       0%          1
 Summon Small Mammal      Summ           100%       N/A       0%          1
 Searing Ray              Conj           100%       2d8       0%          2
 Static Discharge         Conj/Air       100%       2-7/arc   0%          2
 Sublimation of Blood     Necr           97%        N/A       0%          2
 Dazzling Flash           Conj/Hex       100%       N/A       0%          3
 Hailstorm                Conj/Ice       100%       3d20      0%          3
 Stone Arrow              Conj/Erth      100%       3d13      0%          3
 Sticky Flame             Conj/Fire      100%       2d11      0%          4
 Iskenderun's Battlesphe  Conj           100%       2d15      0%          5
 Starburst                Conj/Fire      90%        6d23      0%          6
 Apportation              Tloc           100%       N/A       1%          1
 Beastly Appendage        Tmut           100%       N/A       1%          1
 Freeze                   Ice            100%       1d10      1%          1
 Sandblast                Erth           100%       2d20      1%          1
 Slow                     Hex            100%       N/A       1%          1
 Cigotuvi's Dreadful Rot  Necr/Pois/Air  100%       N/A       1%          2
 Passwall                 Tmut/Erth      48%        N/A       1%          2
 Poisonous Vapours        Pois/Air       100%       N/A       1%          2
 Wereblood                Tmut           58%        N/A       1%          2
 Call Canine Familiar     Summ           100%       N/A       1%          3
 Confusing Touch          Hex            52%        N/A       1%          3
 Gell's Gravitas          Tloc           58%        N/A       1%          3
 Ignite Poison            Fire/Tmut/Pois 100%       N/A       1%          3
 Inner Flame              Hex/Fire       100%       N/A       1%          3
 Kindle Blastsparks       Fire/Tloc/Air  100%       2d18      1%          3
 Lesser Beckoning         Tloc           100%       N/A       1%          3
 Ozocubu's Armour         Ice            64%        N/A       1%          3
 Portal Projectile        Hex/Tloc       100%       N/A       1%          3
 Spider Form              Tmut/Pois      58%        N/A       1%          3
 Summon Guardian Golem    Hex/Summ       80%        N/A       1%          3
 Teleport Other           Tloc           58%        N/A       1%          3
 Tukima's Dance           Hex            52%        N/A       1%          3
 Vampiric Draining        Necr           97%        2d12      1%          3
 Vhi's Electric Charge    Tloc/Air       100%       N/A       1%          3
 Airstrike                Air            38%        2d(6-22)  1%          4
 Animate Dead             Necr           97%        N/A       1%          4
 Dispel Undead            Necr           97%        3d30      1%          4
 Fulminant Prism          Conj/Hex       63%        3d27      1%          4
 Iskenderun's Mystic Bla  Conj/Tloc      100%       2d19      1%          4
 Summon Ice Beast         Ice/Summ       84%        N/A       1%          4
 Summon Lightning Spire   Summ/Air       100%       N/A       1%          4
 Agony                    Necr           97%        N/A       1%          5
 Arcjolt                  Conj/Air       77%        1d87      1%          5
 Borgnjor's Vile Clutch   Necr/Erth      40%        N/A       1%          5
 Irradiate                Conj/Tmut      64%        3d33      1%          5
 Lightning Bolt           Conj/Air       77%        1d103     1%          5
 Summon Forest            Summ/Tloc      41%        N/A       1%          5
 Summon Mana Viper        Hex/Summ       80%        N/A       1%          5
 Conjure Ball Lightning   Conj/Air       77%        3x3d28    1%          6
 Death Channel            Necr           48%        N/A       1%          6
 Summon Cactus Giant      Summ           50%        N/A       1%          6
 Spellforged Servitor     Conj/Summ      71%        N/A       1%          7
 Ice Form                 Ice/Tmut       61%        N/A       2%          4
 Lee's Rapid Deconstruct  Erth           29%        3d15*     2%          5
 Monstrous Menagerie      Summ           50%        N/A       2%          7
 Summon Hydra             Summ           50%        N/A       2%          7
 Passage of Golubria      Tloc           58%        N/A       3%          4
 Petrify                  Tmut/Erth      58%        N/A       3%          4
 Yara's Violent Unravell  Hex/Tmut       27%        3d12      3%          5
 Leda's Liquefaction      Hex/Erth       27%        N/A       4%          4
 Simulacrum               Ice/Necr       41%        N/A       4%          6
 Alistair's Intoxication  Tmut/Pois      38%        N/A       9%          5
 Metabolic Englaciation   Hex/Ice        29%        N/A       9%          5
 Silence                  Hex/Air        36%        N/A       11%         5
 Infestation              Necr           48%        N/A       30%         8
 Statue Form              Tmut/Erth      38%        N/A       43%         6
 Maxwell's Capacitive Co  Air            38%        ∞         97%         8
 Enfeeble                 Hex            26%        N/A       98%         7
 Death's Door             Necr           48%        N/A       99%         9
 Polar Vortex             Ice            32%        N/A       100%        9


Dungeon Overview and Level Annotations

Branches:
Dungeon (15/15)            Temple (1/1) D:4            Lair (5/5) D:10
 Shoals (4/4) Lair:2        Snake (4/4) Lair:2        Slime (5/5) Lair:4
    Orc (2/2) D:12            Elf (3/3) Orc:2        Vaults (5/5) D:13
  Crypt (0/3) Vaults:3     Depths (4/4) D:15          Sewer (visited)
 Bailey (visited)           IceCv (visited)
    Zot: Depths:4

Altars:
Ashenzari
Cheibriados
Dithmenos
Elyvilon
Makhleb
Okawaru
Qazlal
Ru
Sif Muna
Trog
Uskayaw
Vehumet
Yredelemnul
Zin
Lugonu

Shops:
D:5 [   D:6 *   D:8 *   D:9 *!:   Orc:2 :*[(   Elf:1 !   Snake:3 :
Vaults:2 [[   Vaults:3 *   Depths:1 *(=!?

Portals:
Hell: Depths:1 Depths:2 Depths:3
Abyss: Depths:3
Pandemonium: Depths:1 Depths:2
Ziggurat: Depths:2

Annotations:
Depths:3 3 runed translucent doors


Message History

Unknown command.
Casting: Fire Storm (dangerous; 1% risk of failure)
Confirm with . or Enter, or press ? or * to list all spells.
Aiming: Fire Storm (dangerous; 1% risk of failure)
Press: ? - help, Dir - move target, f/p - red very ugly thing
Aim: a red very ugly thing (flame, heavily wounded)
You feel a strong surge of power! That beam is likely to hit you.
Continue anyway?
A raging storm of fire appears!
The great blast of fire engulfs the red very ugly thing!!!
The red very ugly thing partially resists.
The red very ugly thing is almost dead.
The great blast of fire engulfs the hell knight!!!
The hell knight partially resists.
You kill the hell knight!
Vehumet accepts your kill.
The great blast of fire engulfs the lich!!!
You destroy the lich!
Vehumet accepts your kill.
You feel your power returning.
The great blast of fire engulfs the hell knight!!
The hell knight partially resists.
You kill the hell knight!
Vehumet accepts your kill.
You feel your power returning.
The great blast of fire engulfs the golden dragon!!!!
The golden dragon partially resists.
You kill the golden dragon!
Vehumet accepts your kill.
The great blast of fire engulfs the hell knight!!
The hell knight partially resists.
The hell knight is almost dead.
The great blast of fire engulfs the shadow dragon!!!!
You kill the shadow dragon!
Vehumet accepts your kill.
You hear a splash.
The shadow dragon scales are intact enough to wear.
The great blast of fire engulfs you!!!!
Ouch! That really hurt!
You die...

#..#.#....#########.# #.#
#..[.#..............# #.#
#.[..#...##############≈≈### #..
#.[###.#############≈≈~~~≈~≈#####
...[(..#≈≈≈~~~~≈~#≈~~......≈~~#≈≈
...##..#≈≈≈~....v#v....|.....i#..
[..##.##≈≈~.....○○○§v☼○.....p.+..
#..##.#≈≈≈......○☼v○v☼○)[)....+..
#..##.#≈~.......@*vu☼v☼).).E..+..
#..#..#~..[.)....#○v☼○v}:Dpi.p#..
...#.##~.........#vpv§§~~uLp.u#..
####.##~.[......☼#§§§§§L≈≈Lp~~#.)
#..###''#######################
#.##)..)≈≈[[~~~~~~~~~~~~~~~~~~~
#.#.......()...................
#.'....(.).[...................
#.'............................


You could see a red very ugly thing, a hell knight and 11 friendly fire
vortices.

Vanquished Creatures
  the Royal Jelly (Slime:5)
  A juggernaut (Depths:2)
  Sojobo (Vaults:3)
  Vashnia (Snake:4)
  3 golden dragons
  3 caustic shrikes (Depths:2)
  A hellephant (Vaults:2)
  5 tentacled monstrosities
  2 walking earthen tomes (Depths:2)
  3 liches
  A walking frostbound tome (Depths:2)
  Asterion (Snake:4)
  10 titans
  2 deep elf master archers (Elf:3)
  A quicksilver dragon (Depths:3)
  3 deep elf blademasters
  2 walking divine tomes
  A kraken (Shoals:2)
  Frances (D:13)
  6 sphinxes
  Kirke (D:14)
  10 tengu reavers
  15 acid blobs
  Roxanne (D:14)
  Ilsuiw (Shoals:2)
  8 shadow dragons
  8 fire giants
  2 storm dragons
  8 rockslimes
  3 nagarajas (Snake:4)
  12 azure jellies
  7 deep elf sorcerers
  9 frost giants
  18 vault wardens
  3 iron dragons
  3 deep elf elementalists
  Louise (Snake:4)
  6 orc warlords
  2 balrugs
  Aizul (Snake:1)
  A draconian annihilator (Depths:4)
  14 very ugly things
  2 war gargoyles
  8 quicksilver oozes
  21 ironbound preservers
  2 juggernaut skeletons
  7 ironbound thunderhulks
  23 stone giants
  3 spriggan defenders (Depths:3)
  9 deep elf demonologists
  A caustic shrike skeleton (Depths:1)
  A vampire knight (Depths:2)
  7 deep elf annihilators
  4 spark wasps
  22 dire elephants
  A purple draconian (Depths:4)
  An ettin (shapeshifter) (D:13)
  6 deep elf death magi
  Snorg (D:13)
  Josephine (D:11)
  10 merfolk impalers
  14 ettins
  4 merfolk javelineers
  3 entropy weavers
  14 yaktaur captains
  3 fire dragons
  7 great orbs of eyes
  5 deep elf high priests
  3 rakshasas
  4 salamander tyrants (Snake:4)
  10 hydras
  5 ice dragons
  A peacekeeper (Vaults:4)
  A quicksilver dragon skeleton (Depths:1)
  2 catoblepae
  2 caustic shrike simulacra
  8 spriggan air magi
  4 ogre magi
  34 vault guards
  9 anacondas
  7 ironbound frosthearts
  4 merfolk aquamancers (Shoals:4)
  Erica (D:9)
  An anaconda (shapeshifter) (Vaults:5)
  A merfolk avatar (Shoals:2)
  11 centaur warriors
  A satyr (shapeshifter) (Vaults:5)
  12 naga warriors
  13 two-headed ogres
  31 dancing weapons
  3 deep troll earth magi
  3 deep troll shamans
  2 vampire magi
  2 alligator snapping turtles
  4 death yaks (Lair:5)
  The ghost of blackman the Carver, a novice HuDe of Okawaru (D:7)
  10 tengu warriors
  4 orc high priests (Orc:2)
  A sun demon (Depths:1)
  A shock serpent (shapeshifter) (D:13)
  A titan zombie (Depths:3)
  4 shock serpents
  9 naga sharpshooters
  17 hell knights
  2 spriggan berserkers
  3 iron trolls
  13 deep elf knights
  A shadow wraith (Vaults:5)
  4 skeletal warriors (D:13)
  3 salamander mystics (Snake:4)
  10 sea snakes
  A death drake (shapeshifter) (Depths:2)
  3 glowing orange brains
  4 flayed ghosts
  A steelbarb worm (shapeshifter) (Vaults:4)
  An obsidian statue (IceCv)
  38 deep trolls
  2 spriggan simulacra (IceCv)
  Pikel (D:9)
  4 bog bodies (IceCv)
  12 mana vipers
  13 ironbound convokers
  8 deep elf archers
  10 naga ritualists
  7 necromancers
  7 wizards
  7 lindwurms
  18 orc knights
  7 phantasmal warriors
  6 harpies
  10 manticores
  33 deep elf pyromancers
  26 deep elf zephyrmancers
  A frost giant zombie (Depths:1)
  9 orc sorcerers
  5 shining eyes
  5 fauns
  10 ugly things
  2 cyclopes
  14 elephants
  A cyclops (shapeshifter) (Vaults:5)
  12 salamanders
  22 vault sentinels
  8 merfolk sirens
  7 guardian serpents
  A water nymph (shapeshifter) (Vaults:1)
  Maurice (D:13)
  6 eyes of devastation
  A torpor snail (Lair:3)
  15 water nymphs
  15 naga magi
  35 black mambas
  7 cane toads
  A smoke demon (Depths:1)
  2 demonic crawlers (D:15)
  3 unseen horrors
  2 gargoyles
  2 kobold demonologists
  5 tengu conjurers
  22 freezing wraiths
  30 yaktaurs
  6 komodo dragons
  A yaktaur zombie (Vaults:1)
  3 efreet
  2 anaconda simulacra (IceCv)
  An ice devil (IceCv)
  2 golden dragon simulacra (IceCv)
  12 trolls
  7 wind drakes
  3 polar bears (Lair:5)
  A merfolk (shapeshifter) (Vaults:1)
  29 merfolk
  10 meliai (Depths:2)
  4 hornets (Lair:5)
  18 blink frogs
  4 snapping turtles
  144 slime creatures
  A slime creature (shapeshifter) (Vaults:5)
  A dream sheep (Lair:5)
  A culicivora (Vaults:5)
  10 air elementals
  4 wyverns
  A flying skull (Vaults:3)
  6 wraiths
  14 spriggans
  6 dire elephant simulacra (IceCv)
  31 water elementals
  38 yaks
  7 hogs (D:14)
  3 basilisks
  4 fire bats (D:15)
  2 fire elementals (Elf:3)
  4 redbacks
  A steam dragon (D:8)
  A redback (shapeshifter) (D:13)
  27 nagas
  6 vampire mosquitoes (D:12)
  2 minotaur simulacra (IceCv)
  2 harpy simulacra (IceCv)
  3 wargs
  3 acid dragons
  19 water moccasins
  2 floating eyes
  A hydra simulacrum (IceCv)
  35 orc warriors
  An ice beast (D:7)
  A sky beast (D:7)
  4 black bears (Lair:5)
  10 ogres
  25 wolves
  6 boggarts
  3 alligator simulacra (IceCv)
  2 centaurs
  2 phantoms
  4 lemures (D:9)
  19 kobold brigands
  13 bullfrogs
  4 gnoll sergeants
  A necrophage (D:6)
  2 earth elementals (Elf:1)
  7 scorpions
  A deep troll simulacrum (IceCv)
  3 wights (D:7)
  11 killer bees
  A lindwurm simulacrum (IceCv)
  6 howler monkeys
  A lava snake (D:7)
  A jelly (D:5)
  14 orc priests
  2 hounds
  A gnoll bouda (D:7)
  3 iguanas
  15 orc wizards
  4 yak simulacra (D:10)
  2 hell rats (D:15)
  3 polar bear simulacra (D:10)
  2 wolf simulacra (D:10)
  27 gnolls
  9 adders
  6 river rats
  A shadow imp (D:6)
  2 white imps
  An ufetubus (D:5)
  3 worms
  A dart slug (D:4)
  85 orcs
  17 ball pythons
  8 endoplasms
  15 giant cockroaches
  10 goblins
  10 hobgoblins
  2 jackals (D:2)
  A quokka (D:4)
  11 bats
  5 frilled lizards
  24 kobolds
  15 rats
  2 river rat simulacra (D:10)
  3 bushes
  A butterfly (Lair:5)
  2 tentacles (Shoals:2)
2006 creatures vanquished.

Vanquished Creatures (collateral kills)
  A juggernaut (Depths:2)
  Mlioglotl (Snake:4)
  A lich (Vaults:5)
  5 acid blobs
  A nagaraja (Snake:4)
  A rockslime (Slime:5)
  2 vault wardens (Vaults:5)
  A frost giant (Depths:3)
  A deep elf elementalist (Elf:3)
  2 very ugly things
  A stone giant (Depths:1)
  A quicksilver ooze (Slime:5)
  An ironbound thunderhulk (Vaults:4)
  A purple draconian (Depths:4)
  A dire elephant (Vaults:2)
  A deep elf death mage (Elf:3)
  An ettin (Vaults:5)
  A great orb of eyes (Vaults:4)
  A rakshasa (Depths:2)
  An anaconda (Snake:4)
  A naga warrior (Snake:3)
  A deep troll shaman (Depths:2)
  A deep troll (Vaults:2)
  A wizard (Vaults:1)
  A deep elf zephyrmancer (Vaults:5)
  A naga mage (Snake:4)
  A guardian serpent (Snake:4)
  7 slime creatures
  A steam dragon (D:6)
  3 nagas
44 creatures vanquished.

Vanquished Creatures (others)
  An orc wizard (D:6)
  658 fire vortices
  28 fungi
  52 plants
  6 tentacles (Shoals:2)
745 creatures vanquished.

Grand Total: 2795 creatures vanquished

Notes
Turn   | Place    | Note
-------+----------+-------------------------------------------
     0 | D:1      | pokeman the Deep Elf Hedge Wizard began the quest for the
                  | Orb.
     0 | D:1      | Reached XP level 1. HP: 10/10 MP: 7/7
   137 | D:1      | Found a faded altar of an unknown god.
   213 | D:1      | Reached XP level 2. HP: 9/15 MP: 3/9
   942 | D:2      | Reached skill level 5 in Spellcasting
   977 | D:2      | Reached XP level 3. HP: 20/20 MP: 11/11
   981 | D:2      | Learned a level 3 spell: Mephitic Cloud
   984 | D:2      | Learned a level 2 spell: Call Imp
   987 | D:2      | Learned a level 2 spell: Blink
  1131 | D:2      | Reached skill level 1 in Armour
  1191 | D:2      | Found a white marble altar of Elyvilon.
  1219 | D:2      | Reached skill level 1 in Fighting
  1560 | D:2      | Reached XP level 4. HP: 23/25 MP: 10/13
  1725 | D:3      | Found a broken altar of Ashenzari.
  2530 | D:4      | Found a staircase to the Ecumenical Temple.
  2539 | Temple   | Entered the Ecumenical Temple
  2556 | Temple   | Became a worshipper of Vehumet
  2662 | D:4      | Found a glowing drain.
  2700 | Sewer    | Entered a sewer
  2706 | Sewer    | Reached XP level 5. HP: 29/29 MP: 10/15
  2721 | Sewer    | Reached skill level 1 in Evocations
  2899 | Sewer    | Reached skill level 1 in Air Magic
  2899 | Sewer    | Reached XP level 6. HP: 34/34 MP: 14/17
  2902 | Sewer    | Reached skill level 1 in Poison Magic
  3040 | Sewer    | Reached * piety under Vehumet
  3040 | Sewer    | Offered knowledge of Kiss of Death by Vehumet.
  3558 | D:4      | Reached XP level 7. HP: 34/39 MP: 5/20
  3790 | D:5      | Entered Level 5 of the Dungeon
  3790 | D:5      | Found Raenwugh's Armour Emporium.
  4018 | D:5      | Reached skill level 1 in Fire Magic
  4798 | D:6      | Offered knowledge of Scorch by Vehumet.
  4807 | D:6      | Reached ** piety under Vehumet
  4820 | D:6      | Reached XP level 8. HP: 44/44 MP: 23/23
  4957 | D:6      | Reached skill level 5 in Conjurations
  5033 | D:6      | Found Zeasuax's General Store.
  5037 | D:6      | Bought a scroll of identify for 28 gold pieces
  5353 | D:6      | Learned a level 4 spell: Flame Wave
  5582 | D:7      | Reached skill level 10 in Spellcasting
  5598 | D:7      | Found a runed translucent gate.
  5598 | D:7      | Found a runed translucent gate.
  5599 | D:7      | Found a runed translucent gate.
  5601 | D:7      | Noticed a kobold demonologist
  5603 | D:7      | Noticed blackman's ghost (novice HuDe)
  6006 | D:7      | Found a basalt altar of Yredelemnul.
  6233 | D:7      | Reached skill level 1 in Shields
  6233 | D:7      | Reached XP level 9. HP: 48/48 MP: 20/25
  6482 | D:7      | Found a snail-covered altar of Cheibriados.
  6485 | D:7      | Found a sacrificial altar of Ru.
  6488 | D:7      | Found a glowing silver altar of Zin.
  6491 | D:7      | Found a burning altar of Makhleb.
  6835 | D:8      | Found a shadowy altar of Dithmenos.
  6868 | D:8      | Found Jorenn's Demolitions Depot.
  6926 | D:8      | Found a flagged portal.
  7006 | D:8      | Offered knowledge of Poisonous Vapours by Vehumet.
  7026 | Bailey   | Entered a bailey
  7052 | Bailey   | Reached *** piety under Vehumet
  7497 | D:8      | Reached skill level 5 in Fire Magic
  7573 | D:8      | Offered knowledge of Kindle Blastsparks by Vehumet.
  8405 | D:9      | Found Winechou's General Store.
  8454 | D:9      | Acquired a Trismegistus Codex
  8456 | D:9      | Acquired the ring "Aruc" {Wiz Str+6 Int+4 Dex+4}
  8466 | D:9      | Learned a level 5 spell: Freezing Cloud
  8603 | D:9      | Found Xeoculidwo's Distillery.
  8614 | D:9      | Found Jekhegg's Book Shop.
  8687 | D:9      | Noticed Pikel
  8709 | D:9      | Killed Pikel
  8710 | D:9      | Reached skill level 1 in Ice Magic
  8710 | D:9      | Reached XP level 10. HP: 49/53 MP: 11/28
  8825 | D:9      | Reached **** piety under Vehumet
  9031 | D:9      | Noticed Erica
  9057 | D:9      | Killed Erica
  9727 | D:10     | Entered Level 10 of the Dungeon
  9817 | D:10     | Offered knowledge of Airstrike by Vehumet.
  9820 | D:10     | Found a staircase to the Lair.
 10022 | D:10     | Reached skill level 1 in Necromancy
 10215 | D:10     | Noticed a two-headed ogre
 10221 | D:10     | Killed a two-headed ogre
 10484 | D:10     | Noticed a necromancer
 10494 | D:10     | Killed a necromancer
 10722 | D:10     | Reached XP level 11. HP: 59/59 MP: 27/31
 10762 | D:10     | Found a large runed translucent door.
 10763 | D:10     | Found a large runed translucent door.
 10911 | D:10     | Found a white marble altar of Elyvilon.
 10914 | D:10     | Found a hide-covered altar of Uskayaw.
 11031 | D:7      | Reached ***** piety under Vehumet
 11033 | D:7      | Offered knowledge of Fireball by Vehumet.
 11040 | D:7      | Killed blackman's ghost
 11210 | D:11     | Reached skill level 15 in Spellcasting
 11492 | D:11     | Noticed Josephine
 11500 | D:11     | Killed Josephine
 11811 | D:12     | Noticed a deep elf pyromancer
 11815 | D:12     | Killed a deep elf pyromancer
 11886 | D:12     | Learned a level 5 spell: Fireball
 12070 | D:12     | Noticed a deep elf pyromancer
 12072 | D:12     | Killed a deep elf pyromancer
 12129 | D:12     | Reached XP level 12. HP: 67/67 MP: 27/34
 12178 | D:12     | Found a staircase to the Orcish Mines.
 12418 | D:12     | Found a shimmering blue altar of Sif Muna.
 12779 | D:13     | Noticed Snorg
 12784 | D:13     | Killed Snorg
 12785 | D:13     | Reached skill level 5 in Fighting
 12785 | D:13     | Reached skill level 10 in Conjurations
 12899 | D:13     | Noticed Frances
 12901 | D:13     | Noticed a catoblepas
 13375 | D:13     | Noticed Maurice
 13377 | D:13     | Killed Maurice
 13654 | D:13     | Killed a catoblepas
 13658 | D:13     | a snapping turtle changed into an anaconda
 13658 | D:13     | Noticed an anaconda (glowing shapeshifter)
 13660 | D:13     | an anaconda changed into an ettin
 13660 | D:13     | Noticed an ettin (glowing shapeshifter)
 13947 | D:13     | Noticed an ettin
 13952 | D:13     | Killed an ettin
 14130 | D:13     | Noticed a centaur warrior
 14202 | D:13     | Killed Frances
 14230 | D:13     | Found a gate to the Vaults.
 14233 | D:13     | Killed a centaur warrior
 14390 | D:13     | Noticed a centaur warrior
 14392 | D:13     | Killed a centaur warrior
 14457 | D:13     | Got the Discourse on Productive Shapes
 14700 | D:13     | Reached skill level 10 in Fire Magic
 14863 | D:14     | Noticed Kirke
 14874 | D:14     | Killed Kirke
 14875 | D:14     | Reached XP level 13. HP: 70/74 MP: 37/37
 14999 | D:14     | Found a frozen archway.
 15012 | IceCv    | Entered an ice cave
 15028 | IceCv    | Offered knowledge of Iskenderun's Battlesphere by Vehumet.
 15036 | IceCv    | HP: 1/75 [minotaur simulacrum (17)]
 15178 | IceCv    | Noticed a white very ugly thing
 15183 | IceCv    | Killed a white very ugly thing
 15915 | IceCv    | Found an ancient bone altar of Kikubaaqudgha.
 16027 | IceCv    | Noticed a lich
 16041 | IceCv    | Killed a lich
 16624 | D:14     | Noticed Roxanne
 17325 | D:15     | Entered Level 15 of the Dungeon
 17486 | D:15     | Reached XP level 14. HP: 24/82 MP: 28/40
 17526 | D:15     | Found a staircase to the Depths.
 17526 | D:15     | Noticed a stone giant
 17665 | D:15     | Killed a stone giant
 18315 | D:15     | Offered knowledge of Lee's Rapid Deconstruction by Vehumet.
 18422 | D:15     | Reached skill level 5 in Armour
 19337 | D:14     | Found a stormy altar of Qazlal.
 19929 | Lair:1   | Entered Level 1 of the Lair of Beasts
 21177 | Lair:2   | Found a staircase to the Shoals.
 21189 | Lair:2   | Offered knowledge of Orb of Destruction by Vehumet.
 21198 | Lair:2   | Learned a level 7 spell: Orb of Destruction
 21455 | D:14     | Killed Roxanne
 21456 | D:14     | Reached skill level 5 in Shields
 21571 | Lair:2   | Found a staircase to the Snake Pit.
 21947 | Lair:2   | Reached XP level 15. HP: 86/86 MP: 33/42
 23899 | Lair:4   | Found a staircase to the Slime Pits.
 24956 | Lair:5   | Entered Level 5 of the Lair of Beasts
 25529 | Lair:5   | Offered knowledge of Arcjolt by Vehumet.
 28137 | Temple   | Reached skill level 15 in Conjurations
 28137 | Temple   | Reached XP level 16. HP: 92/92 MP: 45/45
 28350 | Orc:1    | Entered Level 1 of the Orcish Mines
 28532 | Orc:1    | Offered knowledge of Lightning Bolt by Vehumet.
 28842 | Orc:2    | Entered Level 2 of the Orcish Mines
 28970 | Orc:2    | Found a staircase to the Elven Halls.
 28972 | Orc:2    | Paralysed by an orc sorcerer for 2 turns
 29068 | Orc:2    | Reached XP level 17. HP: 66/96 MP: 34/46
 29208 | Orc:2    | Found Joiv's Antique Armour Emporium.
 29296 | Orc:2    | Found Xiofraf's Antique Weapon Boutique.
 29581 | Orc:2    | Found Votoer's Book Shop.
 29661 | Orc:2    | Found Zynu's General Store.
 29669 | Orc:2    | Bought a manual of Conjurations for 960 gold pieces
 30055 | Shoals:1 | Entered Level 1 of the Shoals
 30547 | Shoals:1 | Offered knowledge of Lehudib's Crystal Spear by Vehumet.
 30553 | Shoals:1 | Learned a level 4 spell: Petrify
 30562 | Shoals:1 | Learned a level 8 spell: Lehudib's Crystal Spear
 31016 | Shoals:2 | Reached skill level 1 in Transmutations
 31016 | Shoals:2 | Reached skill level 1 in Earth Magic
 31151 | Shoals:2 | Noticed a kraken
 31158 | Shoals:2 | Killed a kraken
 31491 | Shoals:2 | Noticed Ilsuiw
 31497 | Shoals:2 | Killed Ilsuiw
 32581 | Shoals:3 | Identified the +0 ring mail of a sewer {*Slow +Blink rC+
                  | SInv Stlth+}
 32841 | Shoals:4 | Entered Level 4 of the Shoals
 32841 | Shoals:4 | Found a broken altar of Ashenzari.
 33003 | Shoals:4 | Paralysed by an air elemental for 1 turns
 33235 | Shoals:4 | Reached ****** piety under Vehumet
 33367 | Shoals:4 | Noticed a titan
 33370 | Shoals:4 | Killed a titan
 33370 | Shoals:4 | Offered knowledge of Fire Storm by Vehumet.
 33370 | Shoals:4 | Offered knowledge of Shatter by Vehumet.
 33370 | Shoals:4 | Offered knowledge of Ignition by Vehumet.
 33387 | Shoals:4 | Learned a level 9 spell: Fire Storm
 33394 | Shoals:4 | Identified the +3 scale mail of the Kraken {rElec rF- SInv
                  | Stlth-}
 33397 | Shoals:4 | Reached skill level 15 in Fire Magic
 33553 | Shoals:4 | Got a barnacled rune of Zot
 33555 | Shoals:4 | Got the Spellbook of Weather
 33698 | Shoals:4 | Reached XP level 18. HP: 81/101 MP: 27/49
 34212 | Temple   | Reached XP level 19. HP: 105/105 MP: 50/50
 34472 | Depths:1 | Entered Level 1 of the Depths
 34472 | Depths:1 | Found a one-way gate leading to the halls of Pandemonium.
 34705 | Elf:1    | Entered Level 1 of the Elven Halls
 35324 | Elf:1    | Found Yjuzofubra's Distillery.
 35339 | Elf:1    | Bought a potion of curing for 45 gold pieces
 35339 | Elf:1    | Bought a potion of curing for 45 gold pieces
 35339 | Elf:1    | Bought a potion of curing for 45 gold pieces
 35339 | Elf:1    | Bought a potion of curing for 45 gold pieces
 36507 | Elf:2    | Found a runed translucent gate.
 36508 | Elf:2    | Found a runed translucent gate.
 36508 | Elf:2    | Found a runed translucent gate.
 37076 | Slime:1  | Entered Level 1 of the Pits of Slime
 38932 | Slime:4  | Reached XP level 20. HP: 103/112 MP: 20/52
 39079 | Slime:4  | Reached skill level 27 in Spellcasting
 39489 | Slime:5  | Entered Level 5 of the Pits of Slime
 39560 | Slime:5  | Noticed the Royal Jelly
 39563 | Slime:5  | Killed the Royal Jelly
 39896 | Slime:5  | Found the +3 warlock's mirror {reflect}
 39903 | Slime:5  | Identified the ring of Icufitu {rF+ rC+ Str-4 Int+8 Dex+4}
 39960 | Slime:5  | Identified the ring of Kusuv {Ice Will+ rCorr Int-4 Stlth+}
 39979 | Slime:5  | Identified the +1 chain mail of Doomed Liberty {rPois}
 39985 | Slime:5  | Identified the ring "Zoodwemy" {rElec Str-4 Int+2 SInv}
 39993 | Slime:5  | Got a slimy rune of Zot
 39998 | Slime:5  | Identified the ring "Hiloyv" {rPois rF+ Will+ SInv}
 40028 | Slime:5  | Identified the +1 rapier of Distant Shores {speed, rElec
                  | rN+++ Int-4 Dex+7}
 40057 | Slime:5  | Identified the +3 plate armour of Blue Skies {+Blink rCorr
                  | Int-3 Dex-4}
 40058 | Slime:5  | Identified the +9 plate armour "Riekas" {+Blink}
 41233 | Elf:2    | Reached skill level 5 in Dodging
 41482 | Elf:3    | Entered Level 3 of the Elven Halls
 42148 | Elf:3    | Found the amulet of the Air {Inacc Air Fly rElec RMsl}
 42151 | Elf:3    | Reached XP level 21. HP: 120/120 MP: 44/54
 42262 | Elf:3    | Identified the ring of Nobility {rF+ rN+ Slay-3 SInv}
 42284 | Elf:3    | Found the +3 giant club "Skullcrusher" {speed, Str+7}
 42334 | Elf:3    | Identified the +2 flail "Ikkosoj" {holy, *Noise Int+8
                  | Dex+5}
 42382 | Elf:3    | Identified the +6 spear "Xysol" {freeze, rPois}
 42383 | Elf:3    | Identified the ring "Icvokhac" {rF+ rC+ Str+6}
 42396 | Elf:3    | Identified the +8 hand axe of Ydatz {drain, rF+ SInv}
 42406 | Elf:3    | Identified the +1 ring mail of Exclusion {Int+3}
 42407 | Elf:3    | Identified the +1 plate armour "Fidosaz" {Int+3}
 42417 | Elf:3    | Identified the +1 plate armour of the Countless Quests
                  | {rPois rCorr}
 42421 | Elf:3    | Got Gloorx Vloq's Writings on the Undead
 43062 | D:12     | Got Sif Muna's Writings on Snow
 43191 | Snake:1  | Entered Level 1 of the Snake Pit
 43420 | Snake:1  | Noticed Aizul
 43423 | Snake:1  | Killed Aizul
 43424 | Snake:1  | Reached skill level 5 in Summonings
 45401 | Snake:2  | Identified the +5 leather armour of Zin's Approval
                  | {*Corrode rElec rF+ Stlth+}
 46242 | Snake:3  | Found Fiphoisch's Book Shoppe.
 46249 | Snake:3  | Reached skill level 10 in Fighting
 46262 | Snake:3  | Reached skill level 10 in Dodging
 46800 | Snake:4  | Entered Level 4 of the Snake Pit
 46800 | Snake:4  | Noticed Vashnia
 46804 | Snake:4  | Killed Vashnia
 47098 | Snake:4  | Noticed Asterion
 47101 | Snake:4  | Killed Asterion
 47667 | Snake:4  | Noticed Mlioglotl
 47670 | Snake:4  | Killed Mlioglotl
 47682 | Snake:4  | Noticed Louise
 47845 | Snake:4  | Killed Louise
 48580 | Snake:4  | Got a serpentine rune of Zot
 49185 | Vaults:1 | Entered Level 1 of the Vaults
 49561 | Vaults:1 | Reached XP level 22. HP: 127/127 MP: 29/55
 49590 | Vaults:1 | Reached skill level 10 in Armour
 51647 | Vaults:2 | Found a huge runed gate.
 51647 | Vaults:2 | Found a huge runed gate.
 51647 | Vaults:2 | Found a huge runed gate.
 51647 | Vaults:2 | Found a huge runed gate.
 51647 | Vaults:2 | Found a huge runed gate.
 51648 | Vaults:2 | Found a huge runed gate.
 51648 | Vaults:2 | Found a huge runed gate.
 51648 | Vaults:2 | Found a huge runed gate.
 51648 | Vaults:2 | Found a huge runed gate.
 51648 | Vaults:2 | Found a huge runed gate.
 51649 | Vaults:2 | Found a huge runed gate.
 51650 | Vaults:2 | Found a huge runed gate.
 51651 | Vaults:2 | Found a huge runed gate.
 51652 | Vaults:2 | Found a huge runed gate.
 51653 | Vaults:2 | Found a huge runed gate.
 51933 | Vaults:2 | Found a huge runed gate.
 51933 | Vaults:2 | Found a huge runed gate.
 51933 | Vaults:2 | Found a huge runed gate.
 51933 | Vaults:2 | Found a huge runed gate.
 51933 | Vaults:2 | Found a huge runed gate.
 51933 | Vaults:2 | Found a huge runed gate.
 51934 | Vaults:2 | Found a huge runed gate.
 51934 | Vaults:2 | Found a huge runed gate.
 52221 | Vaults:2 | Found Coeziry's Armour Shop.
 52426 | Vaults:2 | Found Raefes's Antique Armour Emporium.
 52434 | Vaults:2 | Bought a fading leather armour for 175 gold pieces
 52434 | Vaults:2 | Identified the +0 leather armour of the Illusory Bones
                  | {Drain rElec Str+3 Int+5} (You bought it in a shop on level
                  | 2 of the Vaults)
 52434 | Vaults:2 | Bought a glowing helmet for 187 gold pieces
 52447 | Vaults:2 | Found a huge runed gate.
 52447 | Vaults:2 | Found a huge runed gate.
 52447 | Vaults:2 | Found a huge runed gate.
 52448 | Vaults:2 | Found a huge runed gate.
 52449 | Vaults:2 | Found a huge runed gate.
 52451 | Vaults:2 | Found a huge runed gate.
 52451 | Vaults:2 | Found a huge runed gate.
 52451 | Vaults:2 | Found a huge runed gate.
 52452 | Vaults:2 | Found a huge runed gate.
 52453 | Vaults:2 | Found a huge runed gate.
 52461 | Vaults:2 | Found a huge runed gate.
 52461 | Vaults:2 | Found a huge runed gate.
 52461 | Vaults:2 | Found a huge runed gate.
 52795 | Vaults:2 | Identified the +7 scimitar "Igoypug" {speed, +Blink rElec
                  | rN+ Dex+4}
 53496 | Vaults:3 | Noticed Sojobo
 53498 | Vaults:3 | Killed Sojobo
 53593 | Vaults:3 | Identified the amulet "Ruwnois" {+Blink rF+ Regen+}
 53738 | Vaults:3 | Reached skill level 15 in Dodging
 53975 | Vaults:3 | Reached skill level 10 in Summonings
 54085 | Vaults:3 | Found a staircase to the Crypt.
 54229 | Vaults:3 | Reached XP level 23. HP: 132/132 MP: 47/56
 54663 | Vaults:3 | Found Yshrojae's Assorted Antiques.
 54944 | Vaults:4 | Identified the +3 short sword of Benevolence {freeze, rF+
                  | Dex+4}
 56454 | Vaults:5 | Entered Level 5 of the Vaults
 57107 | Vaults:5 | Reached XP level 24. HP: 114/137 MP: 49/56
 57273 | Vaults:5 | Identified the +3 long sword "Yguwu" {vorpal, rPois Int+2}
 58394 | Vaults:5 | Identified the +6 halberd of Yeast {vorpal, rElec Int+4
                  | Dex+4}
 58529 | Vaults:5 | Identified the +9 glaive "Joanleox" {flame, rC++}
 58529 | Vaults:5 | Identified the +11 trident of Guile {venom, rPois Will-
                  | rCorr Int+7}
 58529 | Vaults:5 | Identified the +5 war axe "Qiufuy Vysha" {elec, rElec Str+7
                  | Int-4}
 58565 | Vaults:5 | Identified the +7 war axe of a treasure trove {spect, rCorr
                  | Str+6} (You took it off an ogre mage on level 5 of the
                  | Vaults)
 58603 | Vaults:5 | Got a silver rune of Zot
 58923 | D:9      | Bought a book of Death for 484 gold pieces
 58931 | D:9      | Learned a level 7 spell: Haunt
 59323 | Depths:1 | Found Nisoqaed's Antique Weapon Shoppe.
 59323 | Depths:1 | Found Isoeci's Jewellery Emporium.
 59336 | Depths:1 | Reached skill level 5 in Necromancy
 59609 | Depths:1 | Found a corrupted altar of Lugonu.
 59617 | Depths:1 | Found Duxoful's Distillery.
 59714 | Depths:1 | Found a gateway to Hell.
 59817 | Depths:1 | Found Vetaghia's Assorted Antiques.
 59827 | Depths:1 | Bought a vibrating platinum ring for 160 gold pieces
 59827 | Depths:1 | Identified the ring of Cabbust {Fire *Slow rPois Will+
                  | Int+4} (You bought it in a shop on level 1 of the Depths)
 59941 | Depths:1 | Found Onwixit's Magic Scroll Shoppe.
 61390 | Depths:2 | Noticed a juggernaut
 61392 | Depths:2 | Killed a juggernaut
 61408 | Depths:2 | Identified the +9 glaive of Abro {vorpal, SInv}
 61420 | Depths:2 | Noticed a juggernaut
 61425 | Depths:2 | Killed a juggernaut
 61782 | Depths:2 | Reached XP level 25. HP: 141/141 MP: 41/56
 62210 | Depths:2 | Found a one-way gateway to a ziggurat.
 62855 | Depths:3 | Found a one-way gate to the infinite horrors of the Abyss.
 63110 | Depths:3 | Reached skill level 10 in Necromancy
 63115 | Depths:3 | Reached skill level 27 in Conjurations
 63269 | Depths:3 | Found a runed translucent gate.
 63269 | Depths:3 | Found a runed translucent gate.
 63269 | Depths:3 | Found a runed translucent gate.
 63373 | Depths:3 | Found a runed translucent gate.
 63373 | Depths:3 | Found a runed translucent gate.
 63373 | Depths:3 | Found a runed translucent gate.
 63479 | Depths:3 | You are sucked into a shaft and drop 1 floor!
 63479 | Depths:4 | Entered Level 4 of the Depths
 63561 | Depths:3 | Found an iron altar of Okawaru.
 63974 | Depths:3 | Killed themself with a badly aimed great blast of fire

Illustrated notes

Levels and vault maps discovered:
D:1:      ncdulo_watergridlock, layout_rooms,
          hellmonk_ecumenical_altar_pennies_from_heaven
D:2:      layout_basic, basic_altar, cheibrodos_gnoll_hut
D:3:      layout_basic, old_standard_altar, kennysheep_potato
D:4:      layout_rooms, minmay_temple_entry_waves, portal_sewer_entry_c,
          minmay_fountain_box, chequers_serial_rivers_micro_b,
          minmay_close_crescents
D:5:      layout_cave_pods, hangedman_decor_peaks_small, nicolae_stop_n_shop_2
D:6:      layout_loops_cross, serial_shops, nicolae_shop_stone, minmay_circle_x
D:7:      layout_loops_ring, yredelemnul_altar_generic,
          grunt_temple_overflow_cloverleaf, gammafunk_ghost_nasty_kobolds,
          nicolae_benzene_ring, kennysheep_small_spiral, minmay_misc_feat_doors,
          minmay_misc_feat_enclosed
D:8:      layout_cave_pods, grunt_dithmenos_smoke_and_mirrors, enter_bailey_8,
          nicolae_blasting_shop
D:9:      layout_grid_maze, serial_shops, nicolae_shop_waterfront, shop,
          nicolae_inconvenience_store, uniq_pikel, uniq_erica
D:10:     layout_basic, jmf_multi_god_temple2, lair_entry_dummy, minivault_1,
          eino_house_with_fridge
D:11:     layout_rooms, uniq_josephine
D:12:     layout_roguey, orc_0_dummy, nicolae_sif_muna_little_library
D:13:     layout_roguey, david_vaults_2, serial_curves, eino_curves_02,
          eino_curves_03, minmay_holes, uniq_frances, uniq_maurice, uniq_snorg
D:14:     layout_basic, nicolae_qazlal_scattered_showers,
          portal_ice_cave_entry_dragon, uniq_kirke, uniq_roxanne
D:15:     grunt_enter_depths_giant_problem, layout_basic,
          dreamdust_princess_corridor, hangedman_parallel_progression
Temple:   nicolae_temple_figure_eight
Lair:1:   layout_gridlike, lemuel_old_faithful
Lair:2:   layout_long_grid, minmay_shoals_entry_beasts,
          guppyfry_snake_entry_island, nicolae_lair_grove_arrangements,
          minmay_stone_trees_medium
Lair:3:   nzn_winding_woodlands_small [nzn_winding_woodlands_5x15_garden,
          nzn_winding_woodlands_center_diamonds,
          nzn_winding_woodlands_5x15_pathside_ponds], layout_layer_cave,
          grunt_forest_large_clearing_hut
Lair:4:   layout_cave_pods, dpeg_slime_entry_corner
Lair:5:   minmay_lair_end_enchanted_forest, layout_small_grid,
          lemuel_fruit_fields
Shoals:1: layout_shoals
Shoals:2: layout_shoals, uniq_ilsuiw
Shoals:3: layout_shoals, nicolae_shoals_circle_sea_wall
Shoals:4: shoals_end_hellmonk_storm_palace [storm_palace_center_ruins,
          storm_palace_corner_altar, storm_palace_corner_narrow,
          storm_palace_corner_reverse_hut, storm_palace_corner_blocked],
          serial_shops
Snake:1:  layout_chambers, serial_bayou_pond_a, grunt_megastairs_1, uniq_aizul
Snake:2:  layout_layer_cave, nicolae_triple_integral
Snake:3:  layout_cave_shapes, serial_shops, nicolae_shop_hallway_stairs
Snake:4:  johnstein_snake_rune_scales, layout_rooms, uniq_vashnia,
          uniq_asterion, uniq_mlioglotl, uniq_louise
Slime:1:  layout_caves, cheibrodos_slime_lost_civilization_6
Slime:2:  layout_caves
Slime:3:  layout_caves
Slime:4:  layout_caves, nicolae_slime_phagocytosis
Slime:5
Orc:1:    layout_caves
Orc:2:    grunt_orc_gardens, layout_caves, grunt_orc_garden, grunt_orc_garden,
          grunt_orc_garden, grunt_orc_garden, basic_altar
Elf:1:    minmay_elf_arrival_summoners, layout_loops_corners, serial_shops,
          shop_coins, hangedman_elf_disciples, elves_outpost_lemuel
Elf:2:    nicolae_elf_blades_splatter_lattice [nicolae_blade_tridents],
          layout_geoelf_octagon
Elf:3:    elf_hall, layout_loops_ring
Vaults:1: vaults_dpeg_hooks, st_octagons_2, v_misc_32, hangedman_vaults_maws,
          nicolae_vaults_big_ls, vaults_dpeg_diagonal, hangedman_vaults_trim,
          layout_vaults_quadrants
Vaults:2: not_door_vault_due, v_misc_23, nicolae_vaults_little_squares_5,
          ontoclasm_vaults_eye, ontoclasm_vaults_shuriken,
          vaults_room_stairs_pillars, v_misc_31, vaults_room_mumra_shop_pool,
          v_alt_pattern_3, vaults_room_fours, layout_vaults_big_room,
          serial_shops, nicolae_shop_trees
Vaults:3: ontoclasm_vaults_shout, vaults_room_semicircle, ontoclasm_vaults_chip,
          grunt_vaults_bifocal, minmay_crypt_entry_simple_corners,
          vaults_room_corners, v_misc_14, nicolae_vaults_little_squares_1,
          vaults_room_grid, hangedman_vaults_capsules,
          nicolae_vaults_puzzle_piece, vaults_mumra_lcd, hangedman_vaults_nodes,
          hangedman_vaults_cutoff, layout_vaults_maze, serial_shops, shop,
          uniq_sojobo
Vaults:4: v_alt_pattern_1, nicolae_vaults_yaktaur_gun_rack,
          nicolae_vaults_twisting_passages, nicolae_vaults_little_squares_1,
          nicolae_vaults_network_quincunx
          [nicolae_vaults_network_quincunx_subvault,
          nicolae_vaults_network_quincunx_subvault,
          nicolae_vaults_network_quincunx_subvault,
          nicolae_vaults_network_quincunx_subvault,
          nicolae_vaults_network_quincunx_subvault],
          hangedman_vaults_variations, vaults_room_hallway,
          nicolae_vaults_theta, v_misc_11, nicolae_vaults_diagonal_hallway_7,
          vaults_dpeg_cross, layout_vaults_omnicross
Vaults:5
Depths:1: layout_cave_shapes, nicolae_concentric_dashed_squares_wild,
          lightli_too_deep, serial_shops, shop, nicolae_shop_crystal,
          kennysheep_mini, nicolae_take_the_stairs, shop, pan_entry,
          chequers_serial_rivers_small_3, tgw_lugonu_bribe
Depths:2: box_level_dp, hell_entry, pan_entry
Depths:3: kennysheep_treasure_stockpile, layout_basic,
          grunt_hell_entry_dis_grunt, abyss_entry_small_statue_room,
          hellmonk_okawaru_the_only_friend_you_need
Depths:4: grunt_crosshair, layout_honeycomb, nicolae_ru_sacrificial_ziggurat,
          abyss_entry, pf_dread_powers_of_hell, minmay_shattered_shrine,
          uniq_enchantress

Skill      XL: |  1  2  3  4  5  6  7  8  9 10 11 12 13 14 15 16 17 18 19 20 21 22 23 24 25 |
---------------+----------------------------------------------------------------------------+-----
Spellcasting   | 5 6 7 9 10 12 14 16 18 20 21 23 25 26 27 | 27.0
Armour         | 1 3 4 5 6 8 9 11 12 13 14 | 14.2
Conjurations   | 2 3 4 5 7 8 9 11 12 13 15 17 19 20 21 23 24 25 26 27 | 27.0
Fighting       | 1 2 4 6 7 9 10 | 10.0
Stealth        | 3 |  3.0
Dodging        | 3 8 12 15 17 20 | 20.8
Evocations     | 1 |  1.1
Air Magic      | 1 |  1.2
Poison Magic   | 1 |  1.2
Fire Magic     | 2 4 5 7 8 10 11 12 13 15 16 17 18 19 20 21 | 21.3
Shields        | 1 3 4 5 |  5.0
Ice Magic      | 1 2 |  2.3
Necromancy     | 1 9 11 | 11.2
Transmutations | 1 |  1.0
Earth Magic    | 1 |  1.0
Summonings     | 4 7 10 11 12 | 12.1
Translocations | |  1.1

Action                   |  1- 3 |  4- 6 |  7- 9 | 10-12 | 13-15 | 16-18 | 19-21 | 22-24 | 25-27 || total
-------------------------+-------+-------+-------+-------+-------+-------+-------+-------+-------++-------
Melee: Dagger            |     6 |       |       |       |       |       |       |       |       ||     6
       Short sword       |       |       |   124 |       |       |       |       |       |       ||   124
       Punch             |       |       |     4 |       |       |       |       |       |       ||     4
       Rapier            |       |       |       |    38 |    15 |       |       |       |       ||    53
       Staff             |       |       |       |       |    13 |     5 |     3 |     5 |       ||    26
 Fire: Sling             |    64 |   145 |   120 |       |       |       |       |       |       ||   329
 Cast: Magic Dart        |    43 |    44 |   102 |    26 |     5 |       |     3 |       |       ||   223
       Mephitic Cloud    |     2 |     4 |    43 |    18 |     2 |     1 |     1 |       |       ||    71
       Blink             |       |     3 |     3 |     1 |     2 |       |     1 |     6 |       ||    16
       Call Imp          |       |       |     7 |     4 |       |       |       |       |       ||    11
       Flame Wave        |       |       |    17 |    36 |     3 |     1 |     2 |       |       ||    59
       Freezing Cloud    |       |       |       |    26 |    16 |       |     3 |     1 |       ||    46
       Fireball          |       |       |       |    58 |   430 |   332 |   106 |     4 |       ||   930
       Orb of Destructio |       |       |       |       |     4 |     1 |    20 |     1 |     3 ||    29
       Fire Storm        |       |       |       |       |       |       |   251 |   341 |    35 ||   627
       Lehudib's Crystal |       |       |       |       |       |       |    26 |    24 |     4 ||    54
Evoke: Wand              |       |       |       |     1 |     6 |       |     1 |       |       ||     8
       Phial of floods   |       |       |       |       |       |       |       |     1 |       ||     1
       Condenser vane    |       |       |       |       |       |       |       |     1 |       ||     1
  Use: Scroll            |       |       |    23 |     7 |     2 |     2 |     2 |     1 |       ||    37
       Potion            |       |       |       |       |     1 |     1 |     1 |     1 |       ||     4
 Stab: Confused          |       |       |    11 |       |       |       |       |       |       ||    11
       Sleeping          |       |       |     1 |       |       |       |       |       |       ||     1
       Paralysed         |       |       |       |     2 |       |       |       |       |       ||     2
Armor: Robe              |     9 |     1 |       |       |       |       |       |       |       ||    10
       Leather armour    |       |    20 |    49 |    10 |       |       |       |       |       ||    79
       Troll leather arm |       |       |       |    23 |     4 |       |       |       |       ||    27
       Acid dragon scale |       |       |       |       |    27 |    12 |     6 |       |       ||    45
       Ring mail         |       |       |       |       |       |       |       |    15 |       ||    15
       Ice dragon scales |       |       |       |       |       |       |       |       |     3 ||     3
Dodge: Dodged            |    31 |    72 |   150 |    76 |    47 |    16 |    23 |    48 |     2 ||   465
       Repelled          |       |       |       |       |       |       |     1 |     4 |       ||     5
Block: Buckler           |       |       |       |    21 |    14 |     3 |    14 |    31 |       ||    83
       Reflection        |       |       |       |       |       |       |     6 |    11 |       ||    17

Table legend: (Time is in decaauts)
 A = Elapsed time spent in this place.
 B = Non-inter-level travel time spent in this place.
 C = Inter-level travel time spent in this place.
 D = Time resting spent in this place.
 E = Time spent auto-exploring this place.
 F = Levels seen in this place.
 G = Mean time per level.
                   A        B        C        D        E       F      G
               +--------+--------+--------+--------+--------+-----+--------+
         Total |  64338 |  57471 |   6867 |   7187 |  41365 |  51 | 1261.5 |
       Dungeon |  21031 |  16647 |   4384 |   1182 |  12444 |  15 | 1402.1 |
        Temple |    416 |    380 |     36 |    100 |      0 |   1 |  416.0 |
          Lair |   8132 |   7323 |    809 |    355 |   6220 |   5 | 1626.4 |
        Shoals |   3927 |   3780 |    147 |    380 |   2838 |   4 |  981.8 |
     Snake Pit |   5580 |   5267 |    313 |   1330 |   3418 |   4 | 1395.0 |
    Slime Pits |   3075 |   2935 |    140 |    767 |   1571 |   5 |  615.0 |
  Orcish Mines |   1616 |   1428 |    188 |     91 |   1114 |   2 |  808.0 |
   Elven Halls |   3985 |   3623 |    362 |    374 |   2494 |   3 | 1328.3 |
        Vaults |   9639 |   9206 |    433 |   2005 |   6249 |   5 | 1927.8 |
        Depths |   4512 |   4461 |     51 |    500 |   3343 |   4 | 1128.0 |
         Sewer |    563 |    563 |      0 |      0 |    391 |   1 |  563.0 |
        Bailey |    356 |    356 |      0 |      0 |    257 |   1 |  356.0 |
      Ice Cave |   1501 |   1501 |      0 |    103 |   1025 |   1 | 1501.0 |
               +--------+--------+--------+--------+--------+-----+--------+

Top non-repeatable levels by time:
  Lair:5: 2553 daAuts
     D:9: 2449 daAuts
Vaults:4: 2438 daAuts
    D:15: 2414 daAuts
Vaults:2: 2322 daAuts
Depths:2: 2250 daAuts
Vaults:1: 2063 daAuts
    D:10: 1887 daAuts
    D:13: 1799 daAuts
    D:12: 1773 daAuts
  Lair:3: 1680 daAuts
  Lair:4: 1654 daAuts
   Elf:2: 1619 daAuts
 Snake:4: 1556 daAuts
 Snake:1: 1554 daAuts
